 Dungeon Sprint DCSS version 0.29-a0-892-g2c4c91d9db (webtiles) character file.

Game seed: 10509526200273435375

667 rocky1 the Skirmisher (level 7, -6/96 HPs)
             Began as a Minotaur Hunter on July 22, 2022.
             Was a Believer of Okawaru.
             Mangled by a two-headed ogre
             ... wielding a +0 giant club
              (8 damage)
             ... in the Dungeon (Sprint VII: "The Pits").
             The game lasted 00:05:30 (1059 turns).

rocky1 the Skirmisher (Minotaur Hunter)             Turns: 1059, Time: 00:05:31

Health: -6/96      AC: 15    Str: 15    XL:     7   Next: 31%
Magic:  6/6        EV:  7    Int:  6    God:    Okawaru [**....]
Gold:   0          SH:  0    Dex: 16    Spells: 6/6 levels left

rFire   . . .      SeeInvis .   b - +1 long sword (holy)
rCold   . . .      Faith    .   (no shield)
rNeg    . . .      Spirit   .   n - +2 plate armour
rPois   .          Reflect  .   (helmet restricted)
rElec   .          Harm     .   (no cloak)
rCorr   .          Rampage  .   (no gloves)
Will    .....      NoTele   +   (no boots)
Stlth   ..........              (no amulet)
HPRegen 0.26/turn               (no ring)
MPRegen 0.10/turn               (no ring)

@: berserking, very quick
A: horns 2, retaliatory headbutt
a: Renounce Religion, Heroism


You were in the Dungeon.
You worshipped Okawaru.
Okawaru was pleased with you.
You visited 1 branch

Inventory:

Hand Weapons
 a - a +0 shortbow
 b - a +1 long sword of holy wrath (weapon)
Armour
 n - a +2 plate armour (worn)
Scrolls
 i - a scroll of blinking
 k - 5 scrolls of amnesia
 m - a scroll of immolation
Potions
 d - 6 potions of curing
 e - 4 potions of heal wounds
 f - a potion of haste
 g - 4 potions of magic
 h - a potion of berserk rage
 j - 2 potions of invisibility


   Skills:
 + Level 6.6 Fighting
 + Level 9.1 Long Blades
 + Level 9.8 Ranged Weapons
 + Level 8.2 Armour
 + Level 8.0 Dodging
 + Level 2.7 Stealth


You had 6 spell levels left.
You didn't know any spells.
Your spell library was empty.

Dungeon Overview and Level Annotations

Branches:
Dungeon (1/1)

Altars:
Ashenzari
Cheibriados
Dithmenos
Elyvilon
Fedhas
Gozag
Hepliaklqana
Kikubaaqudgha
Makhleb
Nemelex Xobeh
Okawaru
Qazlal
Ru
Sif Muna
Trog
Uskayaw
Vehumet
Wu Jian
Xom
Yredelemnul
Zin
The Shining One
Jiyva
Lugonu


Innate Abilities, Weirdness & Mutations

You have a pair of horns on your head.
You reflexively headbutt those who attack you in melee.


Message History

The blink frog croaks.
The blink frog hits you.
Unknown command.
The blink frog blinks!
The blink frog hits you but does no damage.
There is an open door here.
You see here a ball python corpse.
The blink frog blinks!
Fire: a) +0 shortbow
Press: ? - help, Q - select action, (/) - cycle Shift-Dir - straight line, f - blink frog
Aim: a blink frog (50% to hit)
You shoot an arrow. The arrow hits the blink frog!
The blink frog is moderately wounded.
The blink frog hits you!
Your +1 long sword of holy wrath softly glows with a divine radiance!
b - a +1 long sword of holy wrath (weapon)
The blink frog hits you but does no damage.
The blink frog blinks! x2
Unknown command.
A red film seems to cover your vision as you go berserk!
You feel yourself moving faster!
You feel mighty! The blink frog hits you!
The blink frog blinks!
You feel a strong urge to attack something.
The two-headed ogre hits you with a +0 giant club!
The two-headed ogre hits you with a +0 giant club!!
You slash the two-headed ogre! You headbutt the two-headed ogre!
The two-headed ogre is moderately wounded.
The blink frog blinks!
You slash the two-headed ogre!
The two-headed ogre is heavily wounded.
The blink frog blinks!
The two-headed ogre hits you with a +0 giant club!!
* * * LOW HITPOINT WARNING * * *
The two-headed ogre closely misses you.
You slash the two-headed ogre!
The two-headed ogre is severely wounded.
You barely miss the two-headed ogre. You headbutt the two-headed ogre.
The two-headed ogre is severely wounded.
The two-headed ogre hits you with a +0 giant club!
You die...

#.##)####))##.......#
#.#..)..#.[##.......#
#.#.....#'###...<...#
#.#........##.......#
#.#........##.......#
#'###########.......#
#.).....#..##########
#.###...#.# ###
#.#.....#@# ...#
#.#...#.#O#..O.#
#.....#.#F§....+
#...###.#'#F...#
#.......÷.#....#
########### ####


You could see a two-headed ogre and 2 blink frogs.

Vanquished Creatures
  A slime creature (D)
  2 floating eyes (D)
  A black bear (D)
  A centaur (D)
  A bullfrog (D)
  An iron imp (D)
  2 river rats (D)
  2 orcs (D)
  A ball python (D)
  An endoplasm (D)
  A goblin (D)
  A quokka (D)
  A bat (D)
  A frilled lizard (D)
  A giant cockroach zombie (D)
  A quokka zombie (D)
  2 rats (D)
21 creatures vanquished.

Notes
Turn   | Place    | Note
-------+----------+-------------------------------------------
     0 | D        | rocky1 the Minotaur Hunter began the quest for the Orb.
     0 | D        | Reached XP level 1. HP: 18/18 MP: 0/0
    18 | D        | Reached skill level 5 in Ranged Weapons
    51 | D        | Found a bloodstained altar of Trog.
    51 | D        | Found a shimmering blue altar of Sif Muna.
    51 | D        | Found a viscous altar of Jiyva.
    51 | D        | Found a hazy altar of Hepliaklqana.
    51 | D        | Found an opulent altar of Gozag.
    52 | D        | Found a glowing golden altar of the Shining One.
    52 | D        | Found a glowing silver altar of Zin.
    52 | D        | Found a basalt altar of Yredelemnul.
    52 | D        | Found a shimmering altar of Xom.
    52 | D        | Found an ornate altar of the Wu Jian Council.
    52 | D        | Found a sacrificial altar of Ru.
    52 | D        | Found a stormy altar of Qazlal.
    52 | D        | Found an iron altar of Okawaru.
    52 | D        | Found a sparkling altar of Nemelex Xobeh.
    52 | D        | Found a burning altar of Makhleb.
    52 | D        | Found a blossoming altar of Fedhas.
    52 | D        | Found a white marble altar of Elyvilon.
    52 | D        | Found a shadowy altar of Dithmenos.
    52 | D        | Found a snail-covered altar of Cheibriados.
    55 | D        | Found a corrupted altar of Lugonu.
    55 | D        | Found a radiant altar of Vehumet.
    56 | D        | Found an ancient bone altar of Kikubaaqudgha.
    56 | D        | Found a hide-covered altar of Uskayaw.
    56 | D        | Found a broken altar of Ashenzari.
    62 | D        | Became a worshipper of Warmaster Okawaru
    84 | D        | Reached XP level 2. HP: 18/25 MP: 1/1
   528 | D        | Noticed a centaur
   600 | D        | Noticed a floating eye
   600 | D        | Noticed a bullfrog
   602 | D        | Paralysed by a floating eye for 4 turns
   607 | D        | Killed a centaur
   608 | D        | Reached skill level 5 in Long Blades
   608 | D        | Reached XP level 3. HP: 13/30 MP: 2/2
   608 | D        | Reached XP level 4. HP: 16/37 MP: 3/3
   614 | D        | Killed a bullfrog
   614 | D        | Reached * piety under Okawaru
   614 | D        | Paralysed by a floating eye for 3 turns
   615 | D        | Reached skill level 5 in Armour
   615 | D        | Reached skill level 5 in Dodging
   615 | D        | Reached XP level 5. HP: 42/42 MP: 4/4
   624 | D        | Paralysed by a floating eye for 2 turns
   628 | D        | Killed a floating eye
   629 | D        | Reached XP level 6. HP: 53/53 MP: 5/5
   735 | D        | Noticed a floating eye
   741 | D        | Killed a floating eye
   741 | D        | Reached ** piety under Okawaru
   742 | D        | Reached skill level 5 in Fighting
   752 | D        | Noticed a slime creature
   760 | D        | Killed a slime creature
   761 | D        | Reached XP level 7. HP: 63/63 MP: 6/6
  1048 | D        | Noticed a two-headed ogre
  1048 | D        | Noticed a blink frog
  1048 | D        | Noticed a blink frog
  1048 | D        | Noticed a blink frog
  1048 | D        | Noticed a blink frog
  1057 | D        | HP: 2/96 [two-headed ogre/+0 giant club (32)]
  1059 | D        | Mangled by a two-headed ogre

Illustrated notes

Levels and vault maps discovered:
D:        pitsprint [storerooms_1, entrance_room_1, metal_vault_8, armoury_2,
          mini_pit_1, grid_room_1, main_hall_1, silver_pit, the_coven_2,
          the_vestibule_1, steel_vault_5, golden_pit, hallway_of_sentries,
          crystal_vault_6, iron_vault_4, final_vault]

Skill      XL: |  1  2  3  4  5  6  7 |
---------------+----------------------+-----
Ranged Weapons | 5 7 8 9 |  9.8
Long Blades    | 2 5 6 7 8 9 |  9.1
Armour         | 4 5 6 7 8 |  8.2
Dodging        | 4 5 6 7 8 |  8.0
Fighting       | 4 6 |  6.6
Stealth        | 2 |  2.7

Action                   |  1- 3 |  4- 6 |  7- 9 || total
-------------------------+-------+-------+-------++-------
Melee: Falchion          |     9 |       |       ||     9
       Headbutt          |     4 |     5 |     5 ||    14
       Unarmed           |     1 |       |       ||     1
       Long sword        |     3 |    27 |    16 ||    46
       Punch             |       |     2 |       ||     2
 Fire: Shortbow          |    13 |     3 |     1 ||    17
  Use: Potion            |     1 |     2 |     1 ||     4
Armor: Leather armour    |     2 |       |       ||     2
       Plate armour      |    17 |     8 |    14 ||    39
Dodge: Dodged            |     9 |     9 |     8 ||    26

Table legend: (Time is in decaauts)
 A = Elapsed time spent in this place.
 B = Non-inter-level travel time spent in this place.
 C = Inter-level travel time spent in this place.
 D = Time resting spent in this place.
 E = Time spent auto-exploring this place.
 F = Levels seen in this place.
 G = Mean time per level.
                   A        B        C        D        E       F      G
               +--------+--------+--------+--------+--------+-----+--------+
         Total |   1071 |   1071 |      0 |    778 |      0 |   1 | 1071.0 |
       Dungeon |   1071 |   1071 |      0 |    778 |      0 |   1 | 1071.0 |
               +--------+--------+--------+--------+--------+-----+--------+

Top non-repeatable levels by time:
       D: 1071 daAuts
